 Dungeon Crawl Stone Soup version 0.29.1-1-gd02db6906a (webtiles) character file.

Game seed: 9728048147737735125

33 xian the Trooper (level 3, 0/29 HPs)
             Began as a Demonspawn Abyssal Knight on Sept 28, 2022.
             Was a Believer of Lugonu.
             Slain by an iron imp (8 damage)
             ... on level 3 of the Dungeon.
             The game lasted 00:03:27 (2198 turns).

xian the Trooper (Demonspawn Abyssal Knight)        Turns: 2198, Time: 00:03:28

Health: 0/29       AC: 10    Str: 15    XL:     3   Next: 12%
Magic:  5/5        EV:  4    Int: 11    God:    Lugonu [**....]
Gold:   189        SH:  0    Dex: 13    Spells: 2/2 levels left

rFire   . . .      SeeInvis .   a - +1 hand axe
rCold   . . .      Faith    .   (no shield)
rNeg    . . .      Spirit   .   n - +0 plate armour
rPois   .          Reflect  .   (helmet restricted)
rElec   .          Harm     .   l - scarf {shadows}
rCorr   .          Rampage  .   (no gloves)
Will    .....                   (no boots)
Stlth   ..........              (no amulet)
HPRegen 0.09/turn               (no ring)
MPRegen 0.09/turn               (no ring)

@: no status effects
A: antennae 1
a: Renounce Religion, Depart the Abyss, Bend Space


You were on level 3 of the Dungeon.
You worshipped Lugonu.
Lugonu was pleased with you.
You visited 1 branch of the dungeon, and saw 3 of its levels.
You visited the Abyss 1 time.

You collected 189 gold pieces.

Inventory:

Hand Weapons
 a - a +1 hand axe (weapon)
Missiles
 c - 3 poisoned darts (quivered)
Armour
 l - a scarf of shadows (worn)
 n - a +0 plate armour (worn)
Magical Staves
 d - a staff of fire
Scrolls
 b - 2 scrolls of summoning {unknown}
 i - a scroll of brand weapon {unknown}
Potions
 e - a potion of curing
 f - a potion of magic {unknown}
 g - a potion of flight {unknown}
 h - a potion of mutation {unknown}
 j - 2 potions of brilliance {unknown}
 k - a potion of haste {unknown}
 m - 2 potions of might {unknown}


   Skills:
 + Level 3.6 Fighting
 + Level 2.0 Axes
 + Level 2.1 Armour
 + Level 0.9 Dodging
 + Level 0.1 Stealth
 + Level 2.9 Invocations


You had 2 spell levels left.
You didn't know any spells.
Your spell library was empty.

Dungeon Overview and Level Annotations

Branches:
Dungeon (3/15)

Altars:
Cheibriados


Innate Abilities, Weirdness & Mutations

You have a pair of small antennae on your head.


Message History

You kill the ball python!
Lugonu accepts your kill.
Done exploring.
Done exploring.
There is a stone staircase leading down here.
You climb downwards.
There is a stone staircase leading up here.
An iron imp comes into view.
Found a snail-covered altar of Cheibriados.
The iron imp hits you!
You hit the iron imp but do no damage. The iron imp hits you.
You hit the iron imp.
The iron imp is lightly wounded.
The iron imp hits you.
You barely miss the iron imp.
The iron imp is lightly wounded.
The iron imp hits you but does no damage.
You hit the iron imp but do no damage.
The iron imp is lightly wounded.
The iron imp hits you.
You barely miss the iron imp.
The iron imp is lightly wounded.
The iron imp completely misses you.
You hit the iron imp.
The iron imp is heavily wounded.
The iron imp hits you.
You hit the iron imp.
The iron imp is heavily wounded.
The iron imp hits you.
You hit the iron imp.
The iron imp is heavily wounded.
The iron imp hits you but does no damage.
You barely miss the iron imp.
The iron imp is heavily wounded.
The iron imp hits you.
* * * LOW HITPOINT WARNING * * *
You hit the iron imp but do no damage.
The iron imp is heavily wounded.
The iron imp hits you!
You die...

#################
................#
###############.###
. #...# .. ###.#
... #.# ....###.#
........# .....5@.#
._......# .......##
.......# ....####
.... ...


You could see an iron imp.

Vanquished Creatures
  An adder (D:2)
  A dart slug (D:2)
  2 endoplasms
  2 giant cockroaches (D:1)
  4 hobgoblins (D:1)
  A ball python (D:2)
  2 bats (D:1)
  2 frilled lizards (D:2)
  2 goblins (D:1)
  3 kobolds
  4 rats
24 creatures vanquished.

Notes
Turn   | Place    | Note
-------+----------+-------------------------------------------
     0 | Abyss:1  | xian the Demonspawn Abyssal Knight began the quest for the
                  | Orb.
     0 | Abyss:1  | Reached XP level 1. HP: 18/18 MP: 2/2
     1 | D:1      | Escaped the Abyss
   218 | D:1      | Discovered your monstrous ancestry.
   218 | D:1      | Gained mutation: You have a pair of small antennae on your
                  | head. [demonic ancestry]
   218 | D:1      | Reached XP level 2. HP: 9/24 MP: 4/4
  1163 | D:2      | HP: 1/24 [poisoned by an adder]
  1610 | D:2      | Reached XP level 3. HP: 27/29 MP: 5/5
  2183 | D:3      | Found a snail-covered altar of Cheibriados.
  2198 | D:3      | Slain by an iron imp

Illustrated notes

Levels and vault maps discovered:
D:1:      dpeg_arrival_arbitrary_b, layout_basic
D:2:      layout_basic
D:3:      layout_basic, slow_altar_1, lemuel_crystal_altar, trog_butcher_becter,
          chequers_ecumenical_altar_simple_redux, minmay_quadrilaterals,
          uniq_ijyb, uniq_jessica

Skill      XL: |  1  2 |
---------------+-------+-----
Axes           | 2 |  2.0
Armour         | 2 |  2.1
Fighting       | |  3.6
Dodging        | |  0.9
Stealth        | |  0.1
Invocations    | |  2.9

Action                   || total
-------------------------++-------
Melee: Hand axe          ||    85
       Punch             ||     2
  Use: Scroll            ||     6
Armor: Leather armour    ||    26
       Plate armour      ||     9
Dodge: Dodged            ||    32
